 Dungeon Crawl Stone Soup version 0.21-a0-270-g8204059 (webtiles) character file.

8805 tidbits the Martial Artist (level 10, -7/86 HPs)
             Began as a Demigod Transmuter on Sept 13, 2017.
             Mangled by a death knight
             ... wielding a +0 halberd
              (18 damage)
             ... on level 10 of the Dungeon.
             The game lasted 00:47:51 (4985 turns).

tidbits the Martial Artist (Demigod Transmuter)     Turns: 4985, Time: 00:47:52

Health: -7/86      AC:  6    Str: 13    XL:     10   Next: 92%
Magic:  15/20      EV: 19    Int: 23    God:
Gold:   371        SH:  0    Dex: 16    Spells: 7/18 levels left

rFire    . . .     SeeInvis .     - Unarmed
rCold    . . .     Gourm    .   (shield currently unavailable)
rNeg     . . .     Faith    .   N - +2 robe of Hunlyijo {Int-2 Slay+2 Stlth+}
rPois    .         Spirit   .   E - +2 hat
rElec    .         Reflect  .   (no cloak)
rCorr    .         Harm     .   (gloves currently unavailable)
MR       +....                  (no boots)
Stlth    ++........             h - amulet of magic regeneration
HPRegen  0.24/turn              W - ring of wizardry
MPRegen  0.42/turn              V - +2 ring of evasion

@: blade hands (expiring)
A: blurry vision 1, clever 1, high mp 1
a: End Transformation


You were on level 10 of the Dungeon.
You were not hungry.
You had blades for hands.
You visited 1 branch of the dungeon, and saw 10 of its levels.

You collected 626 gold pieces.
You spent 255 gold pieces at shops.

Inventory:

Hand Weapons
 q - a +0 morningstar
 s - a +1 short sword of holy wrath (melded)
   (You took it off an orc on level 3 of the Dungeon)
 u - a +2 war axe of venom
   (You took it off an orc on level 4 of the Dungeon)
 v - a +2 short sword of protection
   (You found it on level 4 of the Dungeon)
 I - a +1 whip of electrocution
   (You took it off Pikel on level 7 of the Dungeon)
 Q - a +0 hand crossbow
 S - a +0 blowgun
 U - a +0 scimitar of flaming
   (You took it off an efreet on level 10 of the Dungeon)
Missiles
 a - a throwing net {!f}
 e - 133 arrows
 i - 22 stones
 n - 7 tomahawks (quivered)
 C - 25 sling bullets
 R - 45 bolts
Armour
 x - the +1 robe of Starshine {+Inv MR+ Int-4 Slay+2}
   (You found it on level 4 of the Dungeon)

   It affects your intelligence (-4).
   It affects your accuracy and damage with ranged weapons and melee attacks
   (+2).
   It affects your resistance to hostile enchantments.
   It lets you turn invisible.
 B - a +0 robe
 E - a +2 hat (worn)
 L - a +0 leather armour of magic resistance
   (You took it off an orc on level 9 of the Dungeon)
 N - the +2 robe of Hunlyijo (worn) {Int-2 Slay+2 Stlth+}
   (You found it on level 9 of the Dungeon)

   It affects your intelligence (-2).
   It affects your accuracy and damage with ranged weapons and melee attacks
   (+2).
   It makes you more stealthy.
 Y - a +0 ring mail
Jewellery
 h - an amulet of magic regeneration (around neck)
   (You found it on level 1 of the Dungeon)
 p - an uncursed ring of stealth
   (You found it on level 2 of the Dungeon)
 M - an uncursed ring of protection from cold
   (You found it on level 9 of the Dungeon)
 P - an uncursed ring of wizardry
   (You found it on level 10 of the Dungeon)
 V - a +2 ring of evasion (right scythe-like blade)
   (You found it on level 4 of the Dungeon)
 W - a ring of wizardry (left scythe-like blade)
   (You took it off a crimson imp on level 5 of the Dungeon)
Wands
 g - a wand of lightning (4/15)
 m - a wand of flame (0/48)
 z - a wand of confusion (22/48)
 D - a wand of lightning (0/15)
Scrolls
 r - a scroll of remove curse
 t - 2 scrolls of teleportation
 y - a scroll of identify
 F - a scroll of silence {unknown}
 G - a scroll of vulnerability
 J - a scroll of fog
 K - 2 scrolls of recharging
 T - 2 scrolls of fear
 X - a scroll of immolation {unknown}
Potions
 b - 2 potions of ambrosia
 j - 5 potions of curing
 k - 3 potions of brilliance
 l - 2 potions of flight
 o - 2 potions of lignification
 w - 4 potions of heal wounds
Books
 c - a book of Changes

   Spells                             Type                      Level
   a - Beastly Appendage              Transmutation                1
   b - Sticks to Snakes               Transmutation                2
   c - Spider Form                    Transmutation/Poison         3
   d - Ice Form                       Ice/Transmutation            4
   e - Blade Hands                    Transmutation                5
 H - a book of Minor Magic
   (You found it on level 9 of the Dungeon)

   Spells                             Type                      Level
   a - Magic Dart                     Conjuration                  1
   b - Blink                          Translocation                2
   c - Call Imp                       Summoning                    2
   d - Slow                           Hexes                        2
   e - Conjure Flame                  Conjuration/Fire             3
   f - Mephitic Cloud                 Conjuration/Poison/Air       3
Comestibles
 d - 9 bread rations
 f - 4 meat rations
 A - 3 chunks of flesh
 O - 3 royal jellies


   Skills:
 + Level 7.1 Fighting
 + Level 7.3 Dodging
 + Level 9.8 Unarmed Combat
 + Level 4.8 Spellcasting
 + Level 6.8 Transmutations


You had 7 spell levels left.
You knew the following spells:

 Your Spells              Type           Power        Failure   Level  Hunger
e - Beastly Appendage     Tmut           #####.       4%          1    None
h - Blade Hands           Tmut           #####.....   26%         5    #####..
k - Sticks to Snakes      Tmut           #####...     6%          2    None
p - Spider Form           Tmut/Pois      ###.......   16%         3    ##.....


Dungeon Overview and Level Annotations

Branches:
Dungeon (10/15)            Temple (0/1) D:6             Orc (0/2) D:9
   Lair: D:8-11

Shops:
D:6 !   D:9 (

Annotations:
D:10 Grum


Innate Abilities, Weirdness & Mutations

You have an increased reservoir of magic. (+10% MP)
Scrolls take you a little longer to read.
Your mind is acute. (Int +2)


Message History

a yak corpse x2
You slice the ogre!!
You kill the ogre!
Butcher a yak corpse? [(y)es/(c)hoosy/(n)o/(a)ll/(e)dible/(q)uit/?]
Butcher a yak corpse? [(y)es/(c)hoosy/(n)o/(a)ll/(e)dible/(q)uit/?]
Okay, then.
You butcher the yak corpse.
A - 3 chunks of flesh
Things that are here:
a yak skeleton; a yak corpse Unknown command.
You see here a giant club.
A death knight comes into view. It is wielding a halberd.
The death knight mumbles some strange prayers to Yredelemnul against you.
You struggle to resist.
Casting: Blade Hands
Confirm with . or Enter, or press ? or * to list all spells.
You create a snake!
You now have 137 arrows.
The death knight offers itself to Yredelemnul, and fills with unholy energy.
Casting: Sticks to Snakes
Confirm with . or Enter, or press ? or * to list all spells.
You create 2 snakes!
You now have 135 arrows.
You swap places.
Your transformation is almost over.
Your adder bites the death knight but does no damage.
The death knight mumbles some strange prayers to Yredelemnul against you.
Your adder convulses!
Your adder barely misses the death knight.
The death knight hits your adder with a halberd!!
Your adder dies!
Your adder barely misses the death knight.
Your adder bites the death knight.
Your adder suffers a backlash!
Your water moccasin bites the death knight but does no damage.
Your adder bites the death knight but does no damage.
Your water moccasin bites the death knight but does no damage.
The death knight hits your adder with a halberd!!
Your adder dies!
Your water moccasin closely misses the death knight.
Your adder barely misses the death knight.
A centaur comes into view.
The death knight's dark mirror aura disappears.
Your water moccasin bites the death knight.
Your adder barely misses the death knight.
The death knight hits your ball python with a halberd!!
Your ball python dies!
Your water moccasin bites the death knight but does no damage.
Your adder bites the death knight but does no damage.
Your water moccasin bites the death knight but does no damage.
The death knight hits your water moccasin with a halberd!
Your adder barely misses the death knight.
Your water moccasin barely misses the death knight.
Your adder bites the death knight but does no damage.
Your hands revert to their normal proportions.
Your +1 short sword of holy wrath unmelds from your body.
Your +1 short sword of holy wrath softly glows with a divine radiance!
Casting: Sticks to Snakes
Confirm with . or Enter, or press ? or * to list all spells.
Your hands turn into razor-sharp scythe blades.
Your +1 short sword of holy wrath melds into your body.
Your +1 short sword of holy wrath stops glowing.
The centaur wields a shortbow.
The centaur shoots an arrow.
The arrow closely misses you.
Casting: Blade Hands
Confirm with . or Enter, or press ? or * to list all spells.
You create 2 snakes!
You now have 133 arrows.
Your transformation is almost over.
The centaur shoots an arrow.
The arrow hits you.
* * * LOW HITPOINT WARNING * * *
The death knight hits you from afar with a halberd!
* * * LOW HITPOINT WARNING * * *
Your water moccasin bites the centaur.
The centaur is poisoned.
Your water moccasin poisons the centaur!
The centaur unwields an uncursed shortbow.
The centaur misses you.
Your adder bites the centaur but does no damage.
Your water moccasin bites the centaur.
The centaur looks as sick as possible!
Your water moccasin poisons the centaur!
Your adder bites the centaur.
The centaur looks as sick as possible!
Your adder poisons the centaur!
You hit the centaur but do no damage.
The centaur is moderately wounded.
The centaur hits you.
* * * LOW HITPOINT WARNING * * *
Your water moccasin barely misses the centaur.
Your adder barely misses the centaur.
Your adder bites the centaur.
You hit the centaur.
The centaur is heavily wounded.
The centaur barely misses you.
The death knight hits you from afar with a halberd!
* * * LOW HITPOINT WARNING * * *
Your water moccasin bites the centaur.
The centaur looks as sick as possible!
Your water moccasin poisons the centaur!
Your adder bites the centaur but does no damage.
Your ball python bites the centaur but does no damage.
Your adder bites the centaur.
The centaur misses your water moccasin.
You slash the centaur!
You kill the centaur!
The death knight hits you from afar with a halberd!!
You die...

######## #.#.. .# ## ##
########.#.##.# ....
...######......#.#.##.##.#.## .
..........SS................ ..
..........SS..#............#
... ..##...###@..)............#
... #...# #(#.........#....# ..
#...# #p#.#............#
#.#.#.##...###)#.#.............
...............#.......<†......
........SS.....................
#.#(.....p####...........†.....
.Y...._..... #..##............#
#.#.......#.##..##.....#.#..#.#


You could see a death knight, a friendly water moccasin, 2 friendly adders and a
friendly ball python.

Vanquished Creatures
  A centaur warrior (D:10)
  Pikel (D:7)
  An orc knight (D:10)
  2 centaur zombies (D:10)
  An efreet (D:10)
  A slime creature (D:10)
  A hippogriff (D:8)
  A wyvern (D:10)
  7 yaks (D:10)
  Eustachio (D:5)
  2 hungry ghosts
  A slave (D:7)
  2 sky beasts
  5 orc warriors (D:9)
  3 ice beasts
  A phantom (D:7)
  6 ogres
  A wolf (D:10)
  6 centaurs
  7 bullfrogs
  A wyvern zombie (D:9)
  2 scorpions (D:7)
  A wyvern skeleton (D:10)
  A water moccasin skeleton (D:10)
  A howler monkey (D:6)
  3 crimson imps
  A bullfrog zombie (D:6)
  4 jellies
  3 hounds
  A gnoll shaman (D:7)
  2 iguanas
  7 orc wizards
  2 centaur skeletons
  6 worker ants
  A hound zombie (D:5)
  A hound skeleton (D:5)
  7 gnolls (D:7)
  A howler monkey skeleton (D:4)
  14 adders
  A shadow imp (D:6)
  An adder zombie (D:5)
  An adder skeleton (D:6)
  2 worms
  3 dart slugs
  4 leopard geckos
  15 orcs
  A ball python (D:1)
  6 bats
  6 giant cockroaches
  8 hobgoblins
  11 jackals
  A quokka (D:5)
  3 frilled lizards
  3 goblins
  7 kobolds
  9 rats
192 creatures vanquished.

Vanquished Creatures (collateral kills)
  A two-headed ogre (D:8)
  A black bear (D:10)
  A crimson imp (D:7)
  2 orc priests
  A centaur skeleton (D:6)
  A worker ant (D:10)
  An adder (D:6)
  7 orcs
15 creatures vanquished.

Vanquished Creatures (others)
  A gnoll (D:7)
  A jackal skeleton (D:7)
2 creatures vanquished.

Grand Total: 209 creatures vanquished

Notes
Turn   | Place    | Note
-------+----------+-------------------------------------------
     0 | D:1      | tidbits the Demigod Transmuter began the quest for the Orb.
     0 | D:1      | Reached XP level 1. HP: 15/15 MP: 5/5
    13 | D:1      | Reached skill level 2 in Spellcasting
   127 | D:1      | Reached skill level 2 in Transmutations
   164 | D:1      | Reached XP level 2. HP: 19/22 MP: 7/7
   169 | D:1      | Learned a level 2 spell: Sticks to Snakes
   390 | D:2      | Reached skill level 3 in Transmutations
   390 | D:2      | Reached XP level 3. HP: 22/27 MP: 5/8
   395 | D:2      | Learned a level 3 spell: Spider Form
   444 | D:2      | Reached skill level 3 in Unarmed Combat
   507 | D:2      | Found a bloodstained altar of Trog.
   507 | D:2      | Found an iron altar of Okawaru.
   685 | D:2      | Reached XP level 4. HP: 30/34 MP: 7/9
   917 | D:2      | Reached skill level 4 in Unarmed Combat
   967 | D:3      | Reached skill level 1 in Fighting
  1266 | D:4      | Reached skill level 2 in Dodging
  1322 | D:4      | Found an opulent altar of Gozag.
  1341 | D:4      | Got a wizard robe
  1352 | D:4      | Identified the cursed +1 robe of Starshine {+Inv MR+ Int-4 Slay+2} (You found it on level 4 of the Dungeon)
  1355 | D:4      | Noticed an ogre
  1363 | D:4      | Killed an ogre
  1363 | D:4      | Reached XP level 5. HP: 20/41 MP: 10/10
  1383 | D:4      | Found a burning altar of Makhleb.
  1385 | D:4      | Found a radiant altar of Vehumet.
  1485 | D:5      | Entered Level 5 of the Dungeon
  1485 | D:5      | Noticed an ice beast
  1581 | D:4      | Gained mutation: You expend magic power (3 MP) to strengthen your wands. [potion of mutation]
  1581 | D:4      | Gained mutation: Scrolls take you a little longer to read. [potion of mutation]
  1581 | D:4      | Gained mutation: You are agile. (Dex +2) [potion of mutation]
  1636 | D:5      | Killed an ice beast
  1636 | D:5      | Reached skill level 2 in Fighting
  1636 | D:5      | Reached skill level 5 in Unarmed Combat
  1636 | D:5      | Reached XP level 6. HP: 26/48 MP: 7/11
  1648 | D:5      | Noticed Eustachio
  1666 | D:5      | Killed Eustachio
  1666 | D:5      | Reached skill level 3 in Dodging
  1797 | D:5      | Reached skill level 3 in Fighting
  1797 | D:5      | Reached XP level 7. HP: 22/57 MP: 10/13
  1819 | D:5      | Reached skill level 6 in Unarmed Combat
  2015 | D:5      | Reached skill level 4 in Dodging
  2103 | D:6      | Found a staircase to the Ecumenical Temple.
  2240 | D:6      | Reached XP level 8. HP: 56/66 MP: 10/14
  2320 | D:6      | Reached skill level 7 in Unarmed Combat
  2441 | D:6      | Reached skill level 4 in Fighting
  2518 | D:6      | Found Namom's Distillery.
  2522 | D:6      | Bought a potion of heal wounds for 75 gold pieces
  2522 | D:6      | Bought a potion of mutation for 120 gold pieces
  2522 | D:6      | Lost mutation: You are agile. (Dex +2) [potion of mutation]
  2522 | D:6      | Lost mutation: You expend magic power (3 MP) to strengthen your wands. [potion of mutation]
  2522 | D:6      | Gained mutation: Your mind is acute. (Int +2) [potion of mutation]
  2523 | D:6      | Bought a potion of degeneration for 15 gold pieces
  2524 | D:6      | Bought a potion of lignification for 45 gold pieces
  2649 | D:8      | Reached skill level 4 in Transmutations
  2775 | D:7      | Reached skill level 5 in Dodging
  2877 | D:8      | Noticed a two-headed ogre
  2923 | D:8      | Noticed a hippogriff
  2932 | D:8      | Killed a hippogriff
  2932 | D:8      | Reached skill level 8 in Unarmed Combat
  3003 | D:8      | Noticed a two-headed ogre
  3016 | D:8      | Killed a two-headed ogre
  3016 | D:8      | Reached skill level 5 in Fighting
  3016 | D:8      | Reached XP level 9. HP: 27/74 MP: 9/15
  3235 | D:9      | Learned a level 5 spell: Blade Hands
  3329 | D:10     | Entered Level 10 of the Dungeon
  3348 | D:10     | Reached skill level 5 in Transmutations
  3514 | D:10     | Noticed a centaur warrior
  3517 | D:10     | Noticed an efreet
  3522 | D:10     | Killed an efreet
  3617 | D:9      | Found a staircase to the Orcish Mines.
  3656 | D:9      | Found Syraug's Weapon Emporium.
  3733 | D:9      | Reached skill level 6 in Dodging
  3733 | D:9      | Reached skill level 3 in Spellcasting
  3833 | D:9      | Reached skill level 9 in Unarmed Combat
  3884 | D:9      | Found a shattered altar of Ashenzari.
  3983 | D:9      | Got an opalescent robe
  3991 | D:9      | Reached skill level 6 in Fighting
  4042 | D:9      | Identified the +2 robe of Hunlyijo {Int-2 Slay+2 Stlth+} (You found it on level 9 of the Dungeon)
  4066 | D:10     | Reached XP level 10. HP: 83/83 MP: 18/18
  4108 | D:10     | Reached skill level 6 in Transmutations
  4159 | D:10     | Noticed an orc knight
  4180 | D:10     | Killed an orc knight
  4264 | D:10     | Reached skill level 4 in Spellcasting
  4372 | D:10     | Noticed Grum
  4447 | D:10     | Noticed a two-headed ogre
  4643 | D:7      | Noticed Pikel
  4661 | D:7      | Killed Pikel
  4671 | D:7      | Reached skill level 7 in Dodging
  4697 | D:7      | Found a glowing golden altar of the Shining One.
  4787 | D:9      | Found a stormy altar of Qazlal.
  4792 | D:9      | Found a deep blue altar of Sif Muna.
  4907 | D:10     | Killed a centaur warrior
  4907 | D:10     | Reached skill level 7 in Fighting
  4925 | D:10     | Found a snail-covered altar of Cheibriados.
  4963 | D:10     | Noticed a death knight
  4985 | D:10     | Mangled by a death knight

Vault maps used:
D:1:      saegor_arrival_simple_c
D:2:      gammafunk_temple_overflow_wave, minmay_vboxes
D:3:      lemuel_round_altar, st_stairs_10
D:4:      grunt_temple_overflow_lords_of_destruction,
          nicolae_gozag_cash_rules_everything_around_me, first_bread
D:5:      wad_rectangle_vault, uniq_eustachio
D:6:      minmay_temple_entry_statues, serial_shops, shop
D:7:      kennysheep_mini_moat, due_unseen_surprise, uniq_pikel
D:9:      ashenzari_altar_1, minitemple, orc_david_3
D:10:     minmay_the_grid_net, basic_altar, uniq_grum

Skill      XL: |  1  2  3  4  5  6  7  8  9 10 |
---------------+-------------------------------+-----
Spellcasting   | 2 3 4 |  4.8
Transmutations | 2 3 4 5 6 |  6.8
Unarmed Combat | 3 4 5 6 8 9 |  9.8
Fighting       | 1 2 3 5 6 7 |  7.1
Dodging        | 2 3 4 5 6 7 |  7.3

Action                   |  1- 3 |  4- 6 |  7- 9 | 10-12 || total
-------------------------+-------+-------+-------+-------++-------
Melee: Unarmed           |    63 |    91 |   269 |   103 ||   526
       Short sword       |    33 |     8 |    27 |     1 ||    69
       Kick              |    13 |       |       |       ||    13
       Punch             |     1 |       |       |     3 ||     4
       Headbutt          |     1 |     1 |       |       ||     2
Throw: Tomahawk          |    15 |     2 |       |     1 ||    18
 Cast: Beastly Appendage |    18 |     1 |       |       ||    19
       Sticks to Snakes  |     1 |     3 |    41 |    18 ||    63
       Spider Form       |     8 |    18 |    43 |     1 ||    70
       Blade Hands       |       |       |     2 |    13 ||    15
Evoke: Wand              |       |       |     6 |     2 ||     8
  Use: Scroll            |     1 |    11 |     9 |     3 ||    24
       Potion            |       |     1 |     2 |       ||     3
 Stab: Sleeping          |       |       |     6 |       ||     6
       Distracted        |       |       |     1 |       ||     1
  Eat: Chunk             |       |     5 |    13 |     2 ||    20
       Royal jelly       |       |     1 |     1 |     1 ||     3
       Fruit             |       |       |     3 |     5 ||     8
Armor: Robe              |     9 |     2 |    12 |     6 ||    29
       Skin              |     3 |     3 |     6 |       ||    12
Dodge: Dodged            |    72 |    84 |   228 |    66 ||   450

Table legend:
 A = Spawn XP
 B = Non-spawn XP
 C = Spawn XP percentage of total XP
 D = Spawn monster count
 E = Non-spawn monster count
 F = Spawn count percentage of total count
 G = Total turns spent on level
                    A         B        C        D         E        F      G
               +---------+---------+-------+---------+---------+-------+---------
         Total |       0 |   12579 |   0.0 |       0 |     206 |   0.0 |  4985
               +---------+---------+-------+---------+---------+-------+---------
           D:1 |       0 |      35 |   0.0 |       0 |      21 |   0.0 |   368
           D:2 |       0 |      97 |   0.0 |       0 |      29 |   0.0 |   582
           D:3 |       0 |      45 |   0.0 |       0 |       8 |   0.0 |   152
           D:4 |       0 |     242 |   0.0 |       0 |       9 |   0.0 |   602
           D:5 |       0 |    1019 |   0.0 |       0 |      28 |   0.0 |   417
           D:6 |       0 |     613 |   0.0 |       0 |      22 |   0.0 |   445
           D:7 |       0 |    1614 |   0.0 |       0 |      21 |   0.0 |   418
           D:8 |       0 |    1280 |   0.0 |       0 |       5 |   0.0 |   507
           D:9 |       0 |    1218 |   0.0 |       0 |      22 |   0.0 |   755
          D:10 |       0 |    6416 |   0.0 |       0 |      41 |   0.0 |   739
               +---------+---------+-------+---------+---------+-------+---------

Table legend:
 A = Turns spent in this place as a percentage of turns spent in the entire game.
 B = Non-inter-level travel turns spent in this place as a percentage of non-inter-level travel turns spent in the entire game.
 C = Inter-level travel turns spent in this place as a percentage of turns spent in this place.
 D = Turns resting spent in this place as a percentage of non-inter-level travel turns spent in this place.
 E = Turns spent auto-exploring this place as a percentage of non-inter-level travel turns spent in this place.
 F = Non-inter-level travel turns spent in this place divided by the number of levels of this place that you've seen.
                   A       B       C       D       E      F
               +-------+-------+-------+-------+-------+----------------------
         Total | 100.0 | 100.0 |   3.5 |   0.0 |   0.0 | 481.1
       Dungeon | 100.0 | 100.0 |   3.5 |   0.0 |   0.0 | 481.1
               +-------+-------+-------+-------+-------+----------------------

Table legend:
 A = Kills in this place as a percentage of kills in entire the game.
 B = Kills by you in this place as a percentage of kills by you in the entire game.
 C = Kills by friends in this place as a percentage of kills by friends in the entire game.
 D = Other kills in this place as a percentage of other kills in the entire game.
 E = Experience gained in this place as a percentage of experience gained in the entire game.
 F = Experience gained in this place divided by the number of levels of this place that you have seen.
                   A       B       C       D       E      F
               +-------+-------+-------+-------+-------+----------------------
         Total | 100.0 | 100.0 | 100.0 |   N/A | 100.0 | 1257.9
       Dungeon | 100.0 | 100.0 | 100.0 |   N/A | 100.0 | 1257.9
               +-------+-------+-------+-------+-------+----------------------

Vault maps used:
D:1:      saegor_arrival_simple_c
D:2:      gammafunk_temple_overflow_wave, minmay_vboxes
D:3:      lemuel_round_altar, st_stairs_10
D:4:      grunt_temple_overflow_lords_of_destruction,
          nicolae_gozag_cash_rules_everything_around_me, first_bread
D:5:      wad_rectangle_vault, uniq_eustachio
D:6:      minmay_temple_entry_statues, serial_shops, shop
D:7:      kennysheep_mini_moat, due_unseen_surprise, uniq_pikel
D:9:      ashenzari_altar_1, minitemple, orc_david_3
D:10:     minmay_the_grid_net, basic_altar, uniq_grum
